 Dungeon Crawl Stone Soup version 0.25.1-8-g42b30a86e7 (webtiles) character file.

Game seed: 929125492318007197

20029 MajorAdolf the Cleaver (level 12, 0/93 HPs)
             Began as a Naga Wanderer on Dec 14, 2020.
             Was an Initiate of Gozag.
             Slain by a cyan ugly thing (17 damage)
             ... on level 12 of the Dungeon.
             The game lasted 00:43:00 (26477 turns).

MajorAdolf the Cleaver (Naga Wanderer)             Turns: 26477, Time: 00:43:01

Health: 0/93       AC: 18    Str: 25    XL:     12   Next: 75%
Magic:  20/20      EV:  7    Int: 11    God:    Gozag
Gold:   977        SH: 12    Dex: 11    Spells: 11/11 levels left

rFire    . . .     SeeInvis +   j - +1 broad axe
rCold    . . .     Gourm    .   y - +0 kite shield
rNeg     . . .     Faith    .   U - +2 scale mail of Pandemonium {Str+4}
rPois    +         Spirit   .   (no helmet)
rElec    .         Reflect  .   (no cloak)
rCorr    .         Harm     .   k - +0 pair of gloves
MR       +....                  (no barding)
Stlth    +.........             (no amulet)
HPRegen  0.25/turn              S - +4 ring of protection
MPRegen  0.17/turn              T - +4 ring of protection

@: very slow
A: large, see invisible, deformed body, poison resistance, slowness 2, slow
metabolism 1, spit poison 1, AC +4
a: Spit Poison, Potion Petition, Call Merchant, Bribe Branch, Renounce Religion


You were on level 12 of the Dungeon.
You worshipped Gozag.
Gozag was pleased with you.
You were not hungry.

You visited 2 branches of the dungeon, and saw 13 of its levels.
You visited 1 bazaar.

You collected 2799 gold pieces.
You spent 1650 gold pieces at shops.
You paid 172 gold pieces to Gozag.

Inventory:

Hand Weapons
 j - a +1 broad axe (weapon)
Armour
 k - a +0 pair of gloves (worn)
 w - a +0 scale mail of cold resistance
 y - a +0 kite shield (worn)
 U - the +2 scale mail of Pandemonium (worn) {Str+4}
   (You found it on level 11 of the Dungeon)

   It affects your strength (+4).
Jewellery
 c - an uncursed ring of resist corrosion
 i - a +4 ring of evasion
 D - a +6 ring of strength
 G - an uncursed ring of wizardry
 L - an uncursed ring of see invisible
 R - an uncursed amulet of guardian spirit
 S - a +4 ring of protection (left hand)
 T - a +4 ring of protection (right hand)
Wands
 t - a wand of iceblast (11)
 x - a wand of digging (21)
 M - a wand of flame (32)
 O - a wand of paralysis (6)
 Q - a wand of disintegration (9)
Scrolls
 a - 2 scrolls of magic mapping
 b - 3 scrolls of teleportation
 d - a scroll of enchant armour {unknown}
 g - 3 scrolls of fear
 q - 4 scrolls of enchant weapon
 z - 3 scrolls of fog {unknown}
 E - a scroll of noise {unknown}
 H - a scroll of amnesia
 I - 2 scrolls of identify
 J - 2 scrolls of remove curse {unknown}
Potions
 h - 2 potions of mutation
 m - 2 potions of lignification
 n - 2 potions of cancellation
 o - 2 potions of stabbing {unknown}
 r - 2 potions of brilliance
 s - 2 potions of heal wounds
 v - 4 potions of flight
 B - a potion of invisibility
 C - 3 potions of curing
 K - a potion of might
 N - a potion of ambrosia {unknown}
 P - 2 potions of experience {unknown}
Comestibles
 f - 16 rations


   Skills:
 - Level 2.0 Fighting
   Level 7.4 Short Blades
   Level 1.0(4.7) Long Blades
 + Level 12.0 Axes
   Level 1.7 Crossbows
 - Level 1.0 Throwing
 - Level 1.5 Armour
 - Level 3.0 Stealth
 - Level 9.0 Shields
 + Level 10.8 Evocations


You had 11 spell levels left.
You didn't know any spells.
Your spell library contained the following spells:

 Spells                   Type           Power        Failure   Level  Hunger
 Beastly Appendage        Tmut           #.....       65%         1    ##.....
 Sandblast                Erth           #.....       65%         1    ##.....
 Passwall                 Tmut/Erth      #.......     78%         2    ###....
 Sticks to Snakes         Tmut           #.......     78%         2    ###....
 Spider Form              Tmut/Pois      #.........   95%         3    ####...
 Stone Arrow              Conj/Erth      #.....       95%         3    ####...
 Ice Form                 Ice/Tmut       #.......     100%        4    #####..
 Petrify                  Tmut/Erth      #.......     100%        4    #####..
 Blade Hands              Tmut           #.........   100%        5    ######.
 Lee's Rapid Deconstruct  Erth           #.........   100%        5    ######.


Dungeon Overview and Level Annotations

Branches:
Dungeon (12/15)            Temple (1/1) D:7            Lair (0/6) D:9
    Orc (0/2) D:10

Altars:
Ashenzari
Cheibriados
Dithmenos
Elyvilon
Fedhas
Gozag
Hepliaklqana
Kikubaaqudgha
Makhleb
Nemelex Xobeh
Okawaru
Qazlal
Ru
Sif Muna
Trog
Uskayaw
Vehumet
Wu Jian
Xom
Yredelemnul
Zin
The Shining One
Lugonu

Shops:
D:7 *   D:12 (

Annotations:
D:6 1 runed translucent door, Iaco's ghost, novice MiBe
D:9 2 transporters, nikku's ghost, novice DEIE


Innate Abilities, Weirdness & Mutations

You cannot wear boots.
Your serpentine skin is tough. (AC +4)
You have supernaturally acute eyesight. (SInv)
Armour fits poorly on your strangely shaped body.
Your system is resistant to poisons. (rPois)
You cover ground very slowly.
You have a slow metabolism.
You can spit poison.


Message History

You hit the cyan ugly thing but do no damage.
The cyan ugly thing is heavily wounded.
You block the cyan ugly thing's attack.
You slash the cyan ugly thing!
The cyan ugly thing is severely wounded.
You block the cyan ugly thing's attack.
You hit the cyan ugly thing.
The cyan ugly thing is severely wounded.
The cyan ugly thing kicks you but does no damage.
You closely miss the cyan ugly thing.
The cyan ugly thing is severely wounded.
The cyan ugly thing kicks you! The cyan ugly thing shocks you!
* * * LOW HITPOINT WARNING * * *
You slash the cyan ugly thing!
The cyan ugly thing is almost dead.
The cyan ugly thing kicks you!
* * * LOW HITPOINT WARNING * * *
The cyan ugly thing shocks you!
You die...
Your body crumbles into a pile of gold.

#####.......
#............. ####
#............#####....
#....:.......#...$....
#............#$.......
#............#........
#.........####........
#.........#...)....?..
#........@u...........
#.........#...........
#.........####'##.....
###.............#.....
#.............# ....
#.............# ###
#..............
#............


You could see a cyan ugly thing.

Vanquished Creatures
  A death knight (D:12)
  A centaur warrior (D:9)
  4 death yaks
  Sonja (D:11)
  2 unseen horrors (D:11)
  Pikel (D:9)
  A deep elf mage (D:9)
  2 ugly things (D:11)
  2 cyclopes (D:11)
  A manticore (D:12)
  Psyche (D:8)
  Maggie (D:10)
  A queen bee (D:11)
  A tengu conjurer (D:11)
  2 trolls (D:10)
  3 hippogriffs
  A vampire (D:12)
  6 yaks (D:11)
  A wraith (D:11)
  3 vampire mosquitoes (D:12)
  A hungry ghost (D:4)
  2 porcupines (D:9)
  2 orc warriors (D:11)
  8 ice beasts
  3 slaves (D:9)
  3 necrophages
  3 black bears
  3 phantoms
  8 ogres
  2 wolves (D:7)
  6 centaurs
  A crocodile (D:8)
  8 bullfrogs
  3 big kobolds
  A wyvern skeleton (D:11)
  3 scorpions
  12 wights
  43 killer bees
  2 electric eels (D:8)
  5 howler monkeys
  9 crimson imps
  2 quasits
  4 centaur zombies
  3 jellies
  2 orc priests
  8 hounds
  2 bullfrog skeletons
  A gnoll shaman (D:7)
  5 orc wizards
  4 iguanas
  6 worker ants
  A bullfrog simulacrum (D:8)
  A hound skeleton (D:6)
  A hound zombie (D:11)
  A howler monkey zombie (D:7)
  A killer bee simulacrum (D:8)
  A worker ant zombie (D:5)
  3 gnolls (D:7)
  13 adders
  2 river rats (D:9)
  A hound simulacrum (D:8)
  7 shadow imps
  4 white imps
  3 oozes
  An adder zombie (D:7)
  A worm (D:2)
  4 dart slugs
  8 leopard geckos
  34 orcs
  6 giant cockroaches
  6 goblins
  6 hobgoblins
  6 jackals
  27 kobolds
  10 quokkas
  4 ball pythons
  8 bats
  6 frilled lizards
  A giant cockroach zombie (D:5)
  A leopard gecko skeleton (D:7)
  A quokka simulacrum (D:8)
  A quokka skeleton (D:6)
  A quokka zombie (D:7)
  7 rats
379 creatures vanquished.

Vanquished Creatures (others)
  A sky beast (D:9)
  A slave (D:9)
2 creatures vanquished.

Grand Total: 381 creatures vanquished

Notes
Turn   | Place    | Note
-------+----------+-------------------------------------------
     0 | D:1      | MajorAdolf the Naga Wanderer began the quest for the Orb.
     0 | D:1      | MajorAdolf set off with the following items: a +0 club, a
                  | scroll of teleportation, a potion of curing, a +2 scale
                  | mail, a +0 dagger, a ration
     0 | D:1      | Reached XP level 1. HP: 19/19 MP: 1/1
   119 | D:1      | Reached skill level 1 in Short Blades
   740 | D:1      | Reached XP level 2. HP: 23/26 MP: 2/2
  1165 | D:1      | Reached XP level 3. HP: 10/32 MP: 3/3
  2395 | D:2      | Reached XP level 4. HP: 33/39 MP: 4/4
  2811 | D:2      | Noticed a water elemental
  2813 | D:2      | Found a stormy altar of Qazlal.
  2817 | D:2      | Noticed an earth elemental
  2817 | D:2      | Noticed a fire elemental
  2817 | D:2      | Noticed an air elemental
  2964 | D:2      | Reached skill level 1 in Evocations
  3879 | D:3      | Reached XP level 5. HP: 45/45 MP: 6/6
  4353 | D:4      | Noticed a hungry ghost
  4407 | D:4      | Reached skill level 1 in Shields
  4732 | D:3      | HP: 1/45 [orc wizard/magic dart (6)]
  5302 | D:4      | Found a radiant altar of Vehumet.
  5308 | D:4      | You fall into a shaft and drop 2 floors!
  5380 | D:6      | Noticed an ogre
  5385 | D:6      | Killed an ogre
  5385 | D:6      | Reached XP level 6. HP: 52/52 MP: 6/8
  6175 | D:6      | Found an ancient bone altar of Kikubaaqudgha.
  6274 | D:5      | Entered Level 5 of the Dungeon
  6367 | D:4      | Reached skill level 5 in Short Blades
  6367 | D:4      | Reached XP level 7. HP: 31/60 MP: 9/9
  6752 | D:5      | Found a blossoming altar of Fedhas.
  8237 | D:5      | Reached XP level 8. HP: 55/67 MP: 11/11
  9108 | D:4      | Found a sparkling altar of Nemelex Xobeh.
  9165 | D:4      | Reached skill level 5 in Evocations
  9906 | D:6      | Found a runed translucent door.
 10109 | D:6      | Found a hide-covered altar of Uskayaw.
 10523 | D:6      | Found an opulent altar of Gozag.
 11180 | D:6      | Noticed Iaco's ghost (novice MiBe)
 11396 | D:7      | Found a staircase to the Ecumenical Temple.
 11433 | Temple   | Entered the Ecumenical Temple
 11528 | D:6      | Became a worshipper of Gozag Ym Sagoz the Greedy
 11618 | D:7      | Found Piqesal's Lightly-Used Armoury.
 11647 | D:7      | Reached XP level 9. HP: 50/73 MP: 13/13
 11777 | D:7      | Reached skill level 5 in Shields
 12073 | D:7      | Reached skill level 1 in Axes
 12095 | D:7      | Reached skill level 2 in Axes
 12414 | D:7      | Reached skill level 3 in Axes
 12931 | D:7      | Found a burning altar of Makhleb.
 12932 | D:7      | Found a hazy altar of Hepliaklqana.
 12933 | D:7      | Found a glowing silver altar of Zin.
 12934 | D:7      | Found an iron altar of Okawaru.
 12936 | D:7      | Found a bloodstained altar of Trog.
 12937 | D:7      | Found an ancient bone altar of Kikubaaqudgha.
 12983 | D:7      | Found a sacrificial altar of Ru.
 13123 | D:8      | Noticed Psyche
 13196 | D:8      | Reached skill level 4 in Axes
 13859 | D:8      | Reached skill level 5 in Axes
 14125 | D:8      | Reached skill level 6 in Axes
 15629 | D:8      | Reached skill level 7 in Axes
 15629 | D:8      | Reached XP level 10. HP: 68/80 MP: 14/14
 15685 | D:8      | Found a shadowy altar of Dithmenos.
 16098 | D:8      | Killed Psyche
 16098 | D:8      | Reached skill level 8 in Axes
 16931 | D:8      | Noticed a death yak
 16949 | D:8      | Killed a death yak
 16949 | D:8      | Reached skill level 9 in Axes
 17428 | D:8      | Found a snail-covered altar of Cheibriados.
 17791 | D:9      | Noticed a death yak
 17791 | D:9      | Noticed a death yak
 17827 | D:9      | Found a transporter.
 17852 | D:9      | Found a transporter.
 17853 | D:9      | Noticed a two-headed ogre
 17853 | D:9      | Noticed a moth of wrath
 17854 | D:9      | Noticed nikku's ghost (novice DEIE)
 17873 | D:9      | Identified the +5 rapier "Qita" {flame, rF+ Dex+3}
 17873 | D:9      | Identified the cursed +1 flail "Kimp" {antimagic, rPois
                  | Int-5 Dex+8 Stlth-}
 17873 | D:9      | Noticed a tengu warrior
 17875 | D:9      | Found a bloodstained altar of Trog.
 17940 | D:9      | Found a basalt altar of Yredelemnul.
 17964 | D:9      | Noticed a deep troll
 18205 | D:9      | Noticed a death yak
 18212 | D:8      | HP: 3/77 [death yak (22)]
 18213 | D:8      | Killed a death yak
 18561 | D:8      | Killed a death yak
 18561 | D:8      | Reached XP level 11. HP: 11/83 MP: 16/16
 19121 | D:9      | Noticed Pikel
 19431 | D:9      | Found a white marble altar of Elyvilon.
 19458 | D:9      | Noticed a deep elf mage
 19474 | D:9      | Killed a deep elf mage
 19841 | D:9      | Noticed a centaur warrior
 19845 | D:9      | Reached skill level 10 in Axes
 19861 | D:9      | Killed a centaur warrior
 19941 | D:9      | Killed a death yak
 20188 | D:9      | Killed Pikel
 20566 | D:9      | Found a staircase to the Lair.
 21151 | D:10     | Entered Level 10 of the Dungeon
 21160 | D:10     | Noticed Maggie
 21164 | D:10     | Killed Maggie
 21552 | D:10     | Found a staircase to the Orcish Mines.
 22517 | D:11     | Noticed an unseen horror
 22533 | D:11     | Killed an unseen horror
 22971 | D:11     | Found a flickering gateway to a bazaar.
 22977 | Bazaar   | Entered a bazaar
 22990 | Bazaar   | Found Quihad's Jewellery Shoppe.
 23048 | Bazaar   | Found Deafi's Gadget Shoppe.
 23056 | Bazaar   | Bought a wand of iceblast (13) for 204 gold pieces
 23056 | Bazaar   | Bought a wand of disintegration (11) for 180 gold pieces
 23101 | Bazaar   | Found Emolieh's Jewellery Shoppe.
 23109 | Bazaar   | Bought an uncursed amulet of guardian spirit for 330 gold
                  | pieces
 23109 | Bazaar   | Bought a +4 ring of protection for 396 gold pieces
 23169 | Bazaar   | Bought a +4 ring of protection for 540 gold pieces
 23316 | D:11     | Noticed Sonja
 23319 | D:11     | Killed Sonja
 23319 | D:11     | Reached skill level 11 in Axes
 23319 | D:11     | Reached XP level 12. HP: 82/93 MP: 19/19
 23387 | D:11     | Got a faintly humming scale mail
 23401 | D:11     | Identified the +2 scale mail of Pandemonium {Str+4} (You
                  | found it on level 11 of the Dungeon)
 24170 | D:11     | Reached skill level 10 in Evocations
 25900 | D:12     | Noticed a death knight
 25906 | D:12     | Killed a death knight
 25980 | D:12     | Found Vixerch's Weapon Shoppe.
 26428 | D:12     | Reached skill level 12 in Axes
 26477 | D:12     | Slain by a cyan ugly thing

Illustrated notes

Levels and vault maps discovered:
D:1:      dpeg_arrival_morbid_curiosity, layout_basic
D:2:      layout_basic, nicolae_qazlal_style_of_elements, first_ration
D:3:      layout_basic
D:4:      layout_basic, vehumet_crystals, grunt_ministairs_8,
          nemelex_spade_bored_becter
D:5:      layout_basic, fedhas_bush_and_centaur_altar
D:6:      layout_layer_cave, eat_drink_and_be_merry_uskayaw, lemuel_round_altar,
          ebering_ghost_reflecting_pool, lemuel_altar_in_water2
D:7:      layout_basic, minitemple, kennysheep_mini_moat,
          minmay_temple_entry_statues_fountains, minmay_shop_damaged
D:8:      layout_basic, kennysheep_little_box, overflow_temple_1_default,
          serial_ice, serial_ice_n, serial_ice_b, serial_ice_c, serial_ice_k,
          serial_ice_e, serial_ice_d, serial_ice_g, uniq_psyche
D:9:      minmay_opposing_rooms, layout_grid_maze, overflow_temple_1_default,
          lemuel_round_altar, dpeg_lair_monsters,
          gammafunk_ghost_wrathful_warriors, uniq_pikel
D:10:     layout_basic, orc_0_dummy, uniq_maggie
D:11:     layout_roguey, serial_shops, bzr_entry_safe, special_room
          [special_room_bee], grunt_tengu_nest, uniq_sonja
D:12:     wad_bat_island, layout_irregular_city, serial_shops, shop
Temple:   corrupted_temple

Skill      XL: |  1  2  3  4  5  6  7  8  9 10 11 12 |
---------------+-------------------------------------+-----
Short Blades   | 1 2 3 4 5 7 |  7.4
Evocations     | 1 2 3 4 5 6 7 9 10 | 10.8
Shields        | 1 2 3 4 5 6 8 9 |  9.0
Axes           | 7 9 11 12 | 12.0
Fighting       | |  2.0
Long Blades    | |  1.0
Crossbows      | |  1.7
Throwing       | |  1.0
Armour         | |  1.5
Stealth        | |  3.0

Action                   |  1- 3 |  4- 6 |  7- 9 | 10-12 || total
-------------------------+-------+-------+-------+-------++-------
Melee: Dagger            |   202 |   533 |   826 |       ||  1561
       Hand axe          |       |       |   268 |  1024 ||  1292
       Broad axe         |       |       |       |    47 ||    47
 Abil: Spit Poison       |     7 |    14 |    33 |     7 ||    61
Evoke: Wand              |       |     5 |    18 |    37 ||    60
  Use: Potion            |       |     3 |     4 |     7 ||    14
       Scroll            |       |       |     9 |     9 ||    18
 Stab: Invisible         |       |       |     3 |       ||     3
       Distracted        |       |       |       |     3 ||     3
  Eat: Chunk             |     4 |     4 |    11 |       ||    19
       Ration            |       |     2 |     5 |     8 ||    15
Armor: Scale mail        |   142 |   216 |   370 |   376 ||  1104
       Skin              |       |       |       |    52 ||    52
Dodge: Dodged            |    90 |   101 |   215 |   198 ||   604
Block: Kite shield       |       |   101 |   421 |   526 ||  1048
